 Dungeon Crawl Stone Soup version 0.19-a0-994-g3c636f0 (webtiles) character file.

1276 poirepourri the Thaumaturge (level 8, -2/41 HPs)
             Began as a Deep Elf Conjurer on July 16, 2016.
             Slain by a hill giant
             ... wielding a +0 giant spiked club
              (32 damage)
             ... on level 6 of the Dungeon.
             The game lasted 00:10:06 (7875 turns).

poirepourri the Thaumaturge (Deep Elf Conjurer)     Turns: 7875, Time: 00:10:07

Health: -2/41      AC:  3    Str:  5    XL:     8   Next: 28%
Magic:  9/24       EV: 12    Int: 23    God:
Gold:   269        SH:  0    Dex: 15    Spells: 6 memorised, 8 levels left

rFire  . . .     SeeInvis .     i - +2 short sword
rCold  . . .     Gourm    .     a - +0 robe
rNeg   . . .     Faith    .     (no shield)
rPois  .         Spirit   .     (no helmet)
rElec  .         Dismiss  .     (no cloak)
rCorr  .         Reflect  .     n - +0 pair of gloves
SustAt .         Harm     .     (no boots)
MR     .....                    (no amulet)
Stlth  ++........               (no ring)
                                (no ring)

@: very slightly contaminated, heavily drained, not resistant to hostile
enchantments, unstealthy
A: no striking features
a: no special abilities


You were on level 6 of the Dungeon.
You were not hungry.

You visited 1 branch of the dungeon, and saw 6 of its levels.

You collected 269 gold pieces.

Inventory:

Hand Weapons
 i - a +2 short sword (weapon)
 t - the +3 hand axe of Kanty {venom, Dex+2}
   (You found it on level 6 of the Dungeon)

   It poisons the flesh of those it strikes.
   It affects your dexterity (+2).
Armour
 a - a +0 robe (worn)
 n - a +0 pair of gloves (worn)
Scrolls
 m - 4 scrolls of remove curse
 p - a scroll of teleportation
Potions
 e - 2 potions of agility
 f - 2 potions of invisibility
 g - a potion of haste
 h - 2 potions of lignification
 j - 2 potions of flight
 k - a potion of degeneration
 l - 3 potions of curing
 r - a potion of resistance
Books
 b - a book of Conjurations

   Spells                             Type                      Level
   a - Magic Dart                     Conjuration                  1
   b - Searing Ray                    Conjuration                  2
   c - Dazzling Spray                 Conjuration/Hexes            3
   d - Fulminant Prism                Conjuration/Hexes            4
   e - Iskenderun's Mystic Blast      Conjuration                  4
   f - Iskenderun's Battlesphere      Conjuration/Charms           5
Comestibles
 c - a bread ration
 o - 2 slices of pizza


   Skills:
 - Level 2.5(0.9) Dodging
 - Level 2.4(0.8) Stealth
 * Level 10.2(8.2) Spellcasting
 + Level 8.4(6.5) Conjurations
 + Level 1.0(0.0) Hexes


You had 8 spell levels left.
You knew the following spells:

 Your Spells              Type           Power        Failure   Level  Hunger
a - Magic Dart            Conj           ####         1%          1    None
b - Searing Ray           Conj           #####.       1%          2    None
c - Dazzling Spray        Conj/Hex       ###...       8%          3    None
d - Fulminant Prism       Conj/Hex       ###.......   21%         4    ###....
e - Iskenderun's Mystic   Conj           #####...     6%          4    ###....
f - Iskenderun's Battles  Conj/Chrm      ###.....     58%         5    #####..


Dungeon Overview and Level Annotations

Branches:
Dungeon (6/15)
 Temple: D:4-7

Altars:
Ashenzari
Nemelex Xobeh
Xom

Shops:
D:4 [


Message History

You finish channeling your searing ray.
The orc warrior completely misses you. The hill giant closely misses you.
The orc warrior hits you with an enchanted flail!
Casting: Searing Ray
Confirm with . or Enter, or press ? or * to list all spells.
Aiming: Searing Ray
Press: ? - help, Shift-Dir - straight line, f/p - hill giant
Aim: a hill giant, wielding a giant spiked club (heavily wounded)
Okay, then.
Casting: Searing Ray
Confirm with . or Enter, or press ? or * to list all spells.
Aiming: Dazzling Spray
Press: ? - help, Shift-Dir - straight line, f/p - hill giant
Aim: a hill giant, wielding a giant spiked club (heavily wounded)
You miscast Dazzling Spray.
You are very lightly contaminated with residual magic.
Your skin tingles.
The hill giant hits you with a giant spiked club!!
Ouch! That really hurt!
You die...

###...##.................
.....####................
.....## ##...............
(.....# ###.............
..[##).# ##............
..## #..# ###..........
.## #..# ###........ .###
#.. ##.##..... ...#### #.
##@## ##.# ......###.
##C## .......... #.o#
.......... #.)##
.......... #o.#
................
................
..........)......
.................


You could see a hill giant, an orc warrior and an orc wizard.

Vanquished Creatures
  A sky beast (D:6)
  A phantom (D:5)
  A centaur (D:5)
  2 giant frogs (D:6)
  Blork the orc (D:5)
  2 scorpions (D:6)
  2 howler monkeys
  A crimson imp (D:5)
  2 hounds (D:4)
  3 orc priests
  2 orc wizards
  2 iguanas
  7 worker ants
  4 gnolls (D:3)
  6 adders
  An adder zombie (D:6)
  An adder skeleton (D:5)
  A worm (D:5)
  4 giant geckos
  15 orcs
  8 bats
  4 giant cockroaches
  7 hobgoblins
  4 jackals (D:6)
  9 kobolds
  A quokka (D:4)
  A ball python (D:3)
  5 giant newts
  6 goblins
  14 rats
118 creatures vanquished.

Notes
Turn   | Place    | Note
-------+----------+-------------------------------------------
     0 | D:1      | poirepourri the Deep Elf Conjurer began the quest for the Orb.
     0 | D:1      | Reached XP level 1. HP: 10/10 MP: 6/6
   165 | D:1      | Reached XP level 2. HP: 15/15 MP: 5/8
   238 | D:1      | Learned a level 2 spell: Searing Ray
   290 | D:1      | Reached skill level 5 in Conjurations
   846 | D:1      | Reached XP level 3. HP: 19/19 MP: 4/9
  1863 | D:3      | Found a shattered altar of Ashenzari.
  1866 | D:3      | Found a shimmering altar of Xom.
  2010 | D:3      | Reached skill level 4 in Spellcasting
  2063 | D:3      | Reached XP level 4. HP: 24/24 MP: 8/12
  2162 | D:3      | Reached skill level 5 in Spellcasting
  2162 | D:3      | Reached XP level 5. HP: 28/28 MP: 2/14
  2623 | D:3      | Learned a level 3 spell: Dazzling Spray
  2628 | D:3      | Learned a level 4 spell: Fulminant Prism
  2633 | D:3      | Learned a level 4 spell: Iskenderun's Mystic Blast
  2774 | D:3      | Found a sparkling altar of Nemelex Xobeh.
  2809 | D:3      | Found a faded altar of an unknown god.
  3317 | D:4      | Reached skill level 6 in Spellcasting
  3543 | D:4      | Reached XP level 6. HP: 19/32 MP: 7/17
  3750 | D:4      | Found Gaaj's Armour Shoppe.
  3762 | D:4      | shop
  4568 | D:4      | Reached skill level 7 in Spellcasting
  4600 | D:4      | Learned a level 5 spell: Iskenderun's Battlesphere
  5093 | D:5      | Entered Level 5 of the Dungeon
  5110 | D:5      | Reached XP level 7. HP: 31/36 MP: 6/20
  5269 | D:5      | Reached skill level 8 in Spellcasting
  5662 | D:5      | Noticed Blork the orc
  5716 | D:5      | Killed Blork the orc
  5716 | D:5      | Reached skill level 9 in Spellcasting
  6455 | D:6      | Noticed a hill giant
  6465 | D:6      | Got a shimmering hand axe
  6466 | D:6      | Identified the +3 hand axe of Kanty {venom, Dex+2} (You found it on level 6 of the Dungeon)
  6724 | D:6      | Reached XP level 8. HP: 41/41 MP: 17/23
  7028 | D:6      | Reached skill level 10 in Spellcasting
  7221 | D:6      | Reached skill level 1 in Hexes
  7875 | D:6      | Slain by a hill giant

Vault maps used:
D:1:      sevenhm_arrival_forest_fort_large_4
D:2:      minmay_misc_feat_four_crosses
D:3:      grunt_temple_overflow_open, ecumenical_altar_1,
          nemelex_spade_bored_becter
D:4:      serial_shops, shop, first_bread
D:5:      uniq_blork_the_orc

Skill      XL: |  1  2  3  4  5  6  7  8 |
---------------+-------------------------+-----
Conjurations   | 5 6 7 8 |  8.4
Spellcasting   | 4 5 6 7 9 10 | 10.2
Hexes          | 1 |  1.0
Dodging        | |  2.5
Stealth        | |  2.4

Action                   |  1- 3 |  4- 6 |  7- 9 || total
-------------------------+-------+-------+-------++-------
Melee: Short sword       |       |       |     2 ||     2
 Cast: Magic Dart        |    80 |    82 |    61 ||   223
       Searing Ray       |       |    16 |    13 ||    29
       Iskenderun's Myst |       |     1 |       ||     1
       Dazzling Spray    |       |       |     9 ||     9
  Use: Scroll            |    10 |     4 |     6 ||    20
       Potion            |       |     1 |       ||     1
  Eat: Bread ration      |     1 |     2 |     1 ||     4
       Royal jelly       |     1 |       |       ||     1
       Beef jerky        |       |     1 |       ||     1
       Pizza             |       |       |     1 ||     1
Armor: Robe              |     1 |     5 |     1 ||     7
Dodge: Dodged            |     1 |    26 |    18 ||    45
